Map: Proxima Station LE

Players

Fashion - Winner!

  • Race: Zerg Zerg
  • League: Master
  • Spawn Location: 7:00

IIIIIIIIIIII

  • Race: Terran Terran
  • League: Master
  • Spawn Location: 1:00

VOD

Have the link to the VOD?

Description

Time

  • Played on: July 11, 2017, 4:58 a.m.
  • Length: 12:47
Show
View Real Time Build Order
Export as new Build Order

Fashion Zerg - Winner!

Build Orders: Hatch First, Muta Ling Bane 

Get SALT Encoding   

  12  0:01  Drone  
  13  0:12  Overlord  
  13  0:17  Drone  
  14  0:30  Drone x2  
  14  0:34  Drone  
  17  0:52  Hatchery  
  17  0:54  Drone  
  17  0:58  Drone  
  18  1:08  Extractor  
  17  1:13  Spawning Pool  
  17  1:16  Drone  
  18  1:18  Drone  
  18  1:28  Drone  
  19  1:40  Overlord  
  19  1:49  Drone  
  20  1:59  Queen  
  20  2:00  Zergling x2  
  23  2:03  Queen  
  23  2:04  Zergling x2  
  23  2:07  Metabolic Boost  
  26  2:10  Drone  
  27  2:20  Drone  
  28  2:32  Hatchery  
  28  2:35  Drone  
  28  2:39  Overlord  
  28  2:43  Drone  
  29  2:56  Zergling x4  
  30  3:02  Queen  
  32  3:06  Queen  
  32  3:12  Zergling x2  
  34  3:13  Zergling x4  
  36  3:33  Zergling x12  
  42  3:34  Drone  
  42  3:35  Drone  
  40  4:01  Drone  
  40  4:02  Drone x5  
  44  4:07  Drone x3  
  47  4:14  Drone x3  
  50  4:22  Evolution Chamber  
  50  4:23  Evolution Chamber  
  48  4:25  Drone x2  
  48  4:26  Overlord  
  50  4:31  Overlord x2  
  50  4:34  Overlord  
  50  4:43  Overlord  
  50  4:48  Drone x6  
  50  4:49  Drone x3  
  50  4:51  Zerg Melee Weapons Level 1  
  59  4:55  Zerg Ground Armor Level 1  
  59  4:59  Extractor  
  58  5:03  Drone x2  
  58  5:04  Drone  
  61  5:07  Zergling x2  
  61  5:08  Zergling x2  
  63  5:17  Overlord  
  63  5:20  Extractor  
  61  5:22  Drone x3  
  61  5:23  Drone x7  
  71  5:32  Lair  
  71  5:39  Overlord x2  
  71  5:51  Extractor x2  
  71  5:52  Drone x2  
  71  5:53  Baneling Nest, Drone  
  71  5:54  Drone x2  
  71  5:55  Drone x3  
  76  5:58  Extractor, Drone x3  
  76  6:00  Zergling x2  
  79  6:05  Zergling x2  
  79  6:06  Zergling x6  
  79  6:11  Pneumatized Carapace  
  83  6:14  Zergling x6  
  85  6:28  Drone x3  
  85  6:29  Drone x3  
  91  6:34  Hatchery, Zergling x14, Spire  
  91  6:39  Centrifical Hooks  
  96  6:41  Baneling x6  
  96  6:56  Zerg Ground Armor Level 2  
  96  7:04  Overlord  
  96  7:05  Hatchery  
  96  7:06  Overlord x2  
  96  7:08  Zergling x20  
  105  7:14  Zerg Melee Weapons Level 2  
  103  7:46  Mutalisk x5, Zerg Flyer Weapons Level 1  
  103  7:50  Overseer  
  113  7:53  Zergling x34  
  113  7:57  Queen  
  122  8:25  Mutalisk x6  
  134  8:30  Queen  
  134  8:31  Drone x6  
  134  8:32  Drone x5  
  134  8:33  Hatchery  
  146  8:40  Queen  
  136  9:03  Extractor x2  
  136  9:04  Drone x7  
  136  9:05  Zergling x10  
  136  9:06  Zergling x8  
  150  9:32  Overseer  
  150  9:35  Overlord  
  150  9:36  Overlord x4  
  150  9:40  Infestation Pit  
  150  9:43  Baneling x6  
  150  9:44  Baneling x6  
  150  9:45  Zergling x12  
  147  9:46  Zergling x4  
  147  9:47  Zergling x2  
  147  9:48  Overlord x3  
  147  9:49  Overlord  
  147  9:50  Baneling  
  147  9:51  Baneling x5  
  155  9:58  Zergling x6  
  155  9:59  Zergling x26  
  145  10:15  Baneling x12  
  145  10:16  Zergling x16  
  145  10:19  Zergling x2  
  145  10:20  Zergling x8  
  135  10:50  Mutalisk  
  135  10:51  Mutalisk x18  
  160  11:05  Zergling x2  
  160  11:06  Zergling x18  
  160  11:08  Zergling x16  
  160  11:09  Queen  
  180  11:11  Hive  
  180  11:15  Queen  
  182  11:22  Baneling  
  182  11:23  Baneling x14  
  182  11:31  Zergling x4  
  182  11:32  Zergling x32  
  200  11:38  Overseer  
  198  11:46  Zergling x2  
  195  11:47  Zergling x14  
  196  12:13  Zergling x2  
  196  12:14  Zergling x8  
Show
View Real Time Build Order
Export as new Build Order

IIIIIIIIIIII Terran 

Build Orders: MMM Bio 

Get SALT Encoding   

  12  0:00  SCV  
  13  0:13  SCV  
  14  0:18  Supply Depot  
  14  0:25  SCV  
  15  0:31  Refinery  
  15  0:40  SCV  
  16  0:44  Barracks  
  16  0:52  SCV  
  17  1:00  Barracks  
  17  1:04  SCV  
  18  1:16  SCV  
  19  1:25  Barracks  
  19  1:31  Reaper  
  20  1:39  Orbital Command  
  20  1:47  Reaper  
  20  1:51  Supply Depot  
  21  1:59  Refinery  
  21  2:03  Reaper  
  21  2:04  SCV  
  23  2:13  Supply Depot  
  23  2:15  Reaper  
  24  2:18  SCV  
  25  2:26  Reaper  
  26  2:30  SCV  
  26  2:36  Reaper  
  28  2:42  SCV  
  29  2:52  Reaper  
  29  2:54  SCV  
  31  3:02  Reaper  
  31  3:04  Command Center  
  32  3:32  SCV  
  32  3:33  Reaper  
  33  3:34  Reaper  
  34  3:41  Command Center  
  34  3:44  SCV  
  29  4:03  SCV  
  29  4:06  Reaper x2  
  29  4:09  Reaper  
  33  4:13  Factory  
  33  4:15  SCV  
  34  4:17  Orbital Command  
  34  4:26  Refinery  
  34  4:27  SCV  
  35  4:41  Engineering Bay  
  35  4:43  SCV  
  35  4:44  SCV  
  40  4:47  Barracks Reactor, Barracks Tech Lab  
  40  4:48  Barracks Reactor  
  37  4:55  Orbital Command  
  37  4:56  SCV  
  37  4:57  SCV  
  37  4:59  Starport, Factory Reactor  
  39  5:06  Stimpack, Marine  
  40  5:08  SCV  
  40  5:09  SCV  
  42  5:15  Terran Infantry Weapons Level 1  
  42  5:21  SCV x2  
  44  5:22  SCV  
  44  5:24  Marine x3  
  44  5:25  Marine x2  
  50  5:33  SCV x2  
  50  5:34  SCV  
  53  5:49  Marine x4  
  56  5:50  Marine, Medivac x2  
  56  5:52  SCV x3  
  56  5:55  Supply Depot  
  65  6:00  Barracks  
  65  6:02  Barracks  
  65  6:07  SCV x2, Marine  
  65  6:08  Marine  
  65  6:10  Orbital Command, Factory Reactor  
  69  6:13  Supply Depot  
  69  6:16  Marine x2  
  69  6:17  Supply Depot  
  71  6:19  SCV x2  
  71  6:21  Refinery  
  72  6:28  Marine x2  
  72  6:31  SCV x2  
  72  6:32  Marine  
  76  6:34  Marine  
  76  6:35  SCV  
  79  6:43  SCV x2  
  79  6:45  Supply Depot  
  79  6:46  Supply Depot  
  81  6:51  Marine x3  
  81  6:52  Marine x2  
  81  6:53  Widow Mine  
  81  6:54  Widow Mine  
  88  6:55  Barracks Reactor  
  88  6:56  Barracks Reactor  
  90  7:02  Armory  
  90  7:03  Engineering Bay  
  90  7:06  SCV x2  
  90  7:07  SCV  
  92  7:09  Marine x3  
  92  7:11  Marauder  
  92  7:12  Medivac  
  92  7:13  Medivac  
  92  7:14  Combat Shields  
  101  7:18  SCV x2  
  101  7:19  SCV  
  101  7:20  Supply Depot  
  101  7:21  Supply Depot  
  104  7:28  Liberator x2  
  102  7:32  Marauder, Marine x2  
  102  7:33  Marine x2, Widow Mine  
  102  7:35  Widow Mine  
  109  7:41  Marine x4  
  109  7:44  Supply Depot  
  113  7:45  Supply Depot  
  113  7:50  Marine  
  121  7:51  SCV x3  
  121  7:53  Terran Infantry Weapons Level 2  
  121  7:55  Marine x2  
  125  8:03  SCV x3  
  124  8:06  Marine  
  124  8:07  Marauder, Marine x3  
  124  8:09  Supply Depot  
  122  8:28  Widow Mine  
  122  8:29  Marauder, Widow Mine  
  122  8:30  Marine x7  
  122  8:34  SCV x3  
  138  8:44  Marine  
  138  8:47  Marine  
  138  8:48  Marine, Medivac x2  
  137  8:49  SCV x2  
  137  8:50  Marauder, Supply Depot  
  137  8:53  Supply Depot  
  141  8:57  Widow Mine x2  
  141  8:59  Barracks  
  141  9:00  Barracks, Missile Turret  
  141  9:01  Barracks, Missile Turret  
  136  9:06  Missile Turret  
  133  9:10  Marine  
  133  9:11  Marine x5  
  136  9:19  Marine x3  
  136  9:21  Medivac x2  
  143  9:25  Terran Infantry Armor Level 1  
  143  9:26  Widow Mine  
  143  9:27  Supply Depot  
  143  9:28  Marine  
  143  9:29  Marine  
  143  9:30  Marine x3  
  148  9:45  Marine  
  148  9:46  Marauder, Marine x2  
  148  9:47  Barracks Tech Lab  
  148  9:48  Barracks Reactor  
  138  10:00  Marine  
  138  10:01  Marine x2  
  138  10:03  Marine x2, Missile Turret  
  138  10:04  Marine  
  134  10:07  Marauder  
  134  10:11  Marauder, Marine x3  
  129  10:18  Marine x2  
  129  10:19  Marine  
  132  10:21  Marine x3  
  132  10:28  Marine  
  130  10:29  Marine x3  
  130  10:32  Marine  
  128  10:36  Marine  
  117  10:45  Marine x7  
  117  10:46  Marine  
  117  10:47  Marine x3  
  117  10:48  Widow Mine x2  
  118  10:50  Marine  
  118  10:54  Marine  
  109  10:57  Medivac x2  
  109  11:03  Marine x7  
  109  11:04  Marine x3  
  109  11:05  Marine  
  109  11:08  Marine  
  113  11:12  Marine  
  113  11:16  Widow Mine x2  
  113  11:17  Factory  
  118  11:19  Concussive Shells  
  118  11:20  Marine  
  118  11:21  Marine x5  
  118  11:22  Marauder, Marine x4  
  130  11:26  Marauder  
  130  11:27  Medivac x2  
  130  11:30  Marine  
  137  11:38  Marine x3  
  140  11:43  Marauder  
  139  11:47  Widow Mine x2  
  139  11:48  Marine  
  139  11:49  Marine  
  139  11:51  Marine x5  
  139  11:53  Marine  
  151  11:57  Medivac x2  
  151  12:01  Marine x2  
  157  12:09  Marine  
  157  12:10  Marine  
  157  12:15  Marine x2  
  154  12:16  Marine  
  154  12:17  Marine  
  151  12:22  Marine  
  151  12:23  Marine x2  
Tags
 
Add a new tag
Caveats
  • Supply blocks, unpowered buildings, or Contaminate may cause inaccurate times.
  • Supply counts are checked every 10 seconds.